 Dungeon Crawl Stone Soup version 0.30.0 (webtiles) character file.

Game seed: 16625935462736128092

22894 Rainbucket the Thaumaturge (level 13, -24/92 HPs)
             Began as a Human Hexslinger on Oct 25, 2023.
             Was an Elder of Elyvilon.
             Annihilated by an orc warlord
             ... wielding a +2 heavy great mace
              (36 damage)
             ... on level 2 of the Orcish Mines on Oct 26, 2023.
             The game lasted 08:32:58 (24441 turns).

Rainbucket the Thaumaturge (Human Hexslinger)      Turns: 24441, Time: 08:32:59

Health: -24/92     AC: 21    Str: 15    XL:     13   Next: 31%
Magic:  25/27      EV: 14    Int: 15    God:    Elyvilon [****..]
Gold:   1257       SH:  0    Dex: 17    Spells: 0/33 levels left

rFire   + . .        b - +7 spear
rCold   x . .        (no shield)
rNeg    . . .        c - +6 leather armour of the Trombone {Dex+4}
rPois   .            V - +0 helmet
rElec   .            P - scarf of Benevolence {repulsion, Regen+}
rCorr   .            L - +2 pair of gloves
SInv    .            g - +2 pair of boots
Will    .....        (no amulet)
Stlth   ++           k - +4 ring of protection
HPRegen 1.15/turn    S - ring of fire
MPRegen 0.20/turn

%: repel missiles
@: no status effects
A: no striking features
a: Renounce Religion, Purification, Heal Other, Heal Self


You were on level 2 of the Orcish Mines.
You worshipped Elyvilon.
Elyvilon was greatly pleased with you.
You visited 4 branches of the dungeon, and saw 16 of its levels.
You also visited: Ossuary.

You collected 1257 gold pieces.

Inventory:

Hand Weapons
 a - a +0 arbalest
 b - a +7 spear (weapon)
 s - a +1 trident
 D - a +0 war axe
 H - a +0 dagger of protection
 I - a +1 mace of holy wrath
 Q - a +1 sling
 X - a +2 short sword of venom
 Y - a +0 dagger of electrocution
 Z - a +0 shortbow
Missiles
 d - a curare-tipped dart
 j - 79 stones
 u - 18 poisoned darts
 y - 14 boomerangs (quivered)
 N - a javelin
Armour
 c - the +6 leather armour of the Trombone (worn) {Dex+4}
   (You found it on level 7 of the Dungeon)

   Dex:       It affects your dexterity (+4).
 g - a +2 pair of boots (worn)
 r - a +0 buckler
 C - +1 steam dragon scales
 L - a +2 pair of gloves (worn)
 M - a +0 tower shield
 O - a +0 kite shield
 P - the scarf of Benevolence (worn) {repulsion, Regen+}
   (You found it on level 9 of the Dungeon)

   Regen:     It increases your rate of health regeneration.
 V - a +0 helmet (worn)
Magical Staves
 p - a staff of death
 J - a staff of air
Jewellery
 i - a ring of wizardry
 k - a +4 ring of protection (left hand)
 S - a ring of fire (right hand)
Wands
 t - a wand of acid (3)
 v - a wand of iceblast (8)
 x - a wand of paralysis (21)
 E - a wand of polymorph (7)
Scrolls
 e - 2 scrolls of poison
 l - 7 scrolls of teleportation
 o - 2 scrolls of enchant weapon
 q - 3 scrolls of amnesia
 w - 2 scrolls of vulnerability
 A - a scroll of brand weapon {unknown}
 F - 2 scrolls of immolation
 K - 2 scrolls of noise
 U - a scroll of magic mapping
 W - 2 scrolls of fear
Potions
 f - 2 potions of ambrosia
 h - 3 potions of haste
 m - 2 potions of flight
 n - 7 potions of brilliance
 z - 5 potions of lignification
 B - a potion of attraction
 G - 4 potions of curing
 R - a potion of might
 T - a potion of resistance


   Skills:
 + Level 5.5 Fighting
 + Level 2.9 Maces & Flails
 + Level 5.3 Polearms
 + Level 7.8 Ranged Weapons
 + Level 3.2 Throwing
 + Level 4.0 Armour
 + Level 5.9 Dodging
 + Level 2.0 Stealth
 + Level 3.2 Shields
 * Level 10.8 Spellcasting
 + Level 9.5 Hexes
 + Level 2.4 Translocations
 + Level 0.2 Transmutations
 + Level 5.3 Fire Magic
 + Level 1.2 Air Magic
 + Level 1.5 Poison Magic
 + Level 1.2 Invocations
 + Level 0.5 Evocations


You couldn't memorise any spells.
You knew the following spells:

 Your Spells              Type           Power      Damage    Failure   Level
a - Slow                  Hex            100%       N/A       1%          1
b - Inner Flame           Hex/Fire       45%        N/A       1%          3
c - Portal Projectile     Hex/Tloc       52%        N/A       2%          3
d - Cause Fear            Hex            18%        N/A       2%          4
e - Beastly Appendage     Tmut           16%        N/A       10%         1
f - Tukima's Dance        Hex            36%        N/A       1%          3
g - Wereblood             Tmut           8%         N/A       16%         2
h - Poisonous Vapours     Pois/Air       24%        N/A       10%         2
i - Ensorcelled Hibernat  Hex/Ice        44%        N/A       2%          2
j - Dazzling Flash        Conj/Hex       44%        N/A       4%          3
k - Confusing Touch       Hex            36%        N/A       1%          3
l - Blink                 Tloc           30%        N/A       6%          2
m - Leda's Liquefaction   Hex/Erth       11%        N/A       16%         4

Your spell library contained the following spells:

 Spells                   Type           Power      Damage    Failure   Level
 Lesser Beckoning         Tloc           30%        N/A       6%          2
 Momentum Strike          Conj/Tloc      22%        3d8       10%         2
 Kiss of Death            Conj/Necr      32%        2d7       11%         1
 Vhi's Electric Charge    Tloc/Air       26%        N/A       16%         3
 Mephitic Cloud           Conj/Pois/Air  10%        N/A       22%         3
 Spider Form              Tmut/Pois      10%        N/A       22%         3
 Silence                  Hex/Air        12%        N/A       34%         5
 Passage of Golubria      Tloc           15%        N/A       38%         4
 Yara's Violent Unravell  Hex/Tmut       11%        3d6       38%         5
 Summon Mana Viper        Hex/Summ       22%        N/A       41%         5
 Dispel Undead            Necr           8%         3d8       73%         4
 Summon Forest            Summ/Tloc      5%         N/A       88%         5
 Arcjolt                  Conj/Air       4%         1d14      94%         5
 Blade Hands              Tmut           4%         N/A       95%         5
 Freezing Cloud           Conj/Ice/Air   4%         6-21      95%         5
 Irradiate                Conj/Tmut      4%         3d13      96%         5
 Dispersal                Tloc           7%         N/A       99%         6
 Simulacrum               Ice/Necr       4%         N/A       100%        6
 Dragon Form              Tmut           4%         N/A       100%        7
 Ozocubu's Refrigeration  Ice            4%         4d8       100%        7
 Lehudib's Crystal Spear  Conj/Erth      4%         10d3      100%        8
 Maxwell's Capacitive Co  Air            5%         ∞         100%        8
 Polar Vortex             Ice            4%         N/A       100%        9


Dungeon Overview and Level Annotations

Branches:
Dungeon (12/15)            Temple (1/1) D:5            Lair (1/5) D:10
    Orc (2/2) D:11            Elf (0/3) Orc:2       Ossuary (visited)

Altars:
Ashenzari
Cheibriados
Dithmenos
Elyvilon
Fedhas
Gozag
Hepliaklqana
Kikubaaqudgha
Makhleb
Nemelex Xobeh
Okawaru
Qazlal
Ru
Sif Muna
Trog
Uskayaw
Vehumet
Wu Jian
Xom
Yredelemnul
Zin
The Shining One

Shops:
D:7 [   D:9 [


Message History

Something hits you but does no damage.
You hit the ogre.
Flame seeps out of the ogre. x2; You punch the ogre.
The ogre is moderately wounded.
Something hits you but does no damage.
You closely miss the ogre.
The ogre is moderately wounded.
The ogre is engulfed in blazing flames.
Flame seeps out of the ogre.
The ogre misses you. The ogre barely misses you.
Something hits you but does no damage.
You puncture the ogre!
The ogre explodes!
The fiery explosion engulfs you! You resist.
The fiery explosion engulfs the orc warlord.
The orc warlord is lightly wounded.
The fiery explosion engulfs the ogre!!
You kill the ogre!
You are engulfed in blazing flames.
You resist. Something hits you.
The orc warlord is engulfed in blazing flames.
The orc warlord closely misses you.
You hit the orc warlord but do no damage.
The orc warlord is lightly wounded.
You are engulfed in blazing flames.
You resist.
The orc warlord attacks as you move away!
The orc warlord hits you with a +2 heavy great mace!!
You are engulfed in blazing flames.
You resist.
You see here a +0 giant club.
The orc warlord is engulfed in blazing flames.
Something hits you but does no damage.
You puncture something! Something hits you but does no damage.
The orc warlord is engulfed in blazing flames.
The orc warlord hits you with a +2 heavy great mace!!!
* * * LOW HITPOINT WARNING * * *
Casting: Inner Flame (safe; 1% risk of failure)
Confirm with . or Enter, or press ? or * to list all spells.
You blink.
The orc warlord is engulfed in blazing flames.
You feel stable enough to blink again.
The orc warlord attacks as you move away!
The orc warlord hits you with a +2 heavy great mace!!!
You die...

..$...............#...##
.......................##
.........$..>.....#.....#
..........)......###.#..#
.$............<.....##
....
$........$.))........# #.
...<....[)<...#.....#####
[.......#).#..........#.##
........#.....$o@........#
........#.....##..#.....##
.........#...........$###
.........##.......#.###
..........#.#.#.....#
.............####....#
..#...##. #.## ###.##
###### ### ###


You could see an orc warlord.

Vanquished Creatures
  4 two-headed ogres
  A boulder beetle (D:11)
  7 death yaks
  A harpy (shapeshifter) (D:11)
  An ugly thing (D:11)
  3 cyclopes
  A gargoyle (D:11)
  A komodo dragon (D:11)
  An unseen horror (D:11)
  2 kobold demonologists (D:11)
  6 trolls
  4 wraiths
  19 yaks
  2 shadows
  3 wyverns
  A vampire mosquito (D:11)
  2 steam dragons (D:6)
  2 wargs (Orc:1)
  An acid dragon (D:9)
  A water moccasin (D:7)
  2 black bears (D:6)
  12 orc warriors
  An ice beast (D:6)
  5 ogres
  2 centaurs
  A kobold brigand (D:6)
  Blork the orc (D:6)
  3 gnoll sergeants
  3 bullfrogs
  A scorpion (D:4)
  11 wights
  28 killer bees
  An electric eel (D:8)
  6 howler monkeys
  20 orc priests
  2 jellies (D:5)
  2 gnoll boudas
  3 hounds
  2 sleepcaps
  A human zombie (Ossuary)
  2 iguanas
  18 orc wizards
  5 mummies (Ossuary)
  30 gnolls
  3 adders (D:4)
  A shadow imp (D:8)
  A white imp (D:7)
  2 ufetubi
  4 worms
  2 dart slugs
  48 orcs
  4 endoplasms
  4 giant cockroaches
  5 goblins
  5 hobgoblins
  3 jackals (D:4)
  14 kobolds
  4 quokkas
  11 ball pythons
  2 bats (D:3)
  4 goblin zombies (Ossuary)
  2 hobgoblin zombies (Ossuary)
  A kobold zombie (Ossuary)
  3 rats
  A rat zombie (D:7)
349 creatures vanquished.

Vanquished Creatures (collateral kills)
  A wight (D:8)
1 creature vanquished.

Vanquished Creatures (others)
  A wizard (D:6)
  2 dancing weapons (D:7)
  An orc (D:6)
4 creatures vanquished.

Grand Total: 354 creatures vanquished

Notes
Turn   | Place    | Note
-------+----------+-------------------------------------------
     0 | D:1      | Rainbucket the Human Hexslinger began the quest for the
                  | Orb.
     0 | D:1      | Reached XP level 1. HP: 15/15 MP: 2/2
   280 | D:1      | Found a faded altar of an unknown god.
   281 | D:1      | Noticed a shining eye
   287 | D:1      | Noticed an eye of devastation
   291 | D:1      | Noticed a great orb of eyes
   296 | D:1      | Noticed a great orb of eyes
   592 | D:1      | Reached XP level 2. HP: 21/21 MP: 0/3
  1320 | D:2      | Reached XP level 3. HP: 14/26 MP: 2/4
  1395 | D:1      | Learned a level 3 spell: Inner Flame
  2051 | D:2      | Reached XP level 4. HP: 28/32 MP: 1/6
  3947 | D:3      | Reached XP level 5. HP: 25/37 MP: 1/7
  4645 | D:3      | Found a glowing golden altar of the Shining One.
  4737 | D:3      | Reached skill level 1 in Fire Magic
  4813 | D:3      | Learned a level 3 spell: Portal Projectile
  5186 | D:4      | Found a broken altar of Ashenzari.
  5745 | D:4      | Reached skill level 2 in Spellcasting
  5976 | D:4      | Reached XP level 6. HP: 41/43 MP: 0/9
  6752 | D:4      | Found a shimmering blue altar of Sif Muna.
  6813 | D:4      | Reached skill level 5 in Hexes
  6966 | D:4      | Found an opulent altar of Gozag.
  7471 | D:5      | Entered Level 5 of the Dungeon
  7521 | D:5      | Reached XP level 7. HP: 48/48 MP: 4/11
  7574 | D:4      | Learned a level 4 spell: Cause Fear
  7963 | D:5      | Reached skill level 3 in Spellcasting
  8288 | D:5      | Reached skill level 1 in Polearms
  8561 | D:5      | Found a staircase to the Ecumenical Temple.
  8570 | Temple   | Entered the Ecumenical Temple
  8658 | Temple   | Became a worshipper of Elyvilon the Healer
  8832 | D:5      | Reached XP level 8. HP: 55/55 MP: 6/13
  8903 | D:5      | Reached skill level 1 in Throwing
  9690 | D:6      | Reached skill level 1 in Stealth
  9707 | D:5      | Learned a level 1 spell: Beastly Appendage
  9871 | D:6      | Noticed Blork the orc
  9879 | D:6      | Killed Blork the orc
  9880 | D:6      | Reached skill level 4 in Spellcasting
 11054 | D:6      | Reached XP level 9. HP: 43/61 MP: 0/15
 11188 | D:6      | Found a bloodstained altar of Trog.
 11189 | D:6      | Noticed a wizard
 11194 | D:6      | Killed a wizard
 11200 | D:6      | Reached * piety under Elyvilon
 11357 | D:6      | Reached skill level 1 in Translocations
 11633 | D:7      | Found a stormy altar of Qazlal.
 11645 | D:7      | Learned a level 3 spell: Tukima's Dance
 11806 | D:7      | Found a sand-covered staircase.
 11818 | Ossuary  | Entered an ossuary
 11865 | Ossuary  | Reached skill level 5 in Spellcasting
 12136 | Ossuary  | Learned a level 2 spell: Wereblood
 12405 | D:7      | Found Moyvousi's Armour Shoppe.
 13089 | D:7      | Identified the +6 leather armour of the Trombone {Dex+4}
 13803 | D:7      | Identified the +2 ring mail "Eliezydd" {Int+3}
 13833 | D:7      | Reached skill level 6 in Spellcasting
 14141 | D:7      | Found a sacrificial altar of Ru.
 14147 | D:7      | Reached ** piety under Elyvilon
 14268 | D:7      | Reached skill level 5 in Ranged Weapons
 14643 | D:8      | Noticed a two-headed ogre
 14664 | D:8      | Killed a two-headed ogre
 14665 | D:8      | Reached skill level 1 in Armour
 14665 | D:8      | Reached XP level 10. HP: 42/69 MP: 2/20
 14885 | D:8      | Reached skill level 7 in Spellcasting
 15111 | D:8      | Reached skill level 1 in Invocations
 15884 | D:8      | Reached skill level 1 in Shields
 15936 | D:8      | Reached skill level 1 in Maces & Flails
 16356 | D:8      | Found a shadowy altar of Dithmenos.
 17064 | D:9      | Reached *** piety under Elyvilon
 17082 | D:9      | Found Kapu Reor's Armour Shop.
 17212 | D:9      | Found a burning altar of Makhleb.
 17355 | D:9      | Noticed a two-headed ogre
 17387 | D:8      | Reached XP level 11. HP: 36/75 MP: 8/22
 17603 | D:9      | Killed a two-headed ogre
 17604 | D:9      | Reached skill level 8 in Spellcasting
 18333 | D:9      | Identified the scarf of Benevolence {repulsion, Regen+}
 18552 | D:10     | Entered Level 10 of the Dungeon
 18552 | D:10     | Noticed a death yak
 18552 | D:10     | Noticed a death yak
 18552 | D:10     | Noticed a death yak
 18552 | D:10     | Noticed a death yak
 18553 | D:10     | Noticed a death yak
 18555 | D:10     | Noticed a death yak
 18556 | D:10     | Noticed a death yak
 18825 | D:8      | Killed a death yak
 18979 | D:8      | Learned a level 2 spell: Poisonous Vapours
 19073 | D:9      | Killed a death yak
 19220 | D:8      | Killed a death yak
 19287 | D:9      | Killed a death yak
 19473 | D:9      | Killed a death yak
 19474 | D:9      | Reached skill level 1 in Air Magic
 19474 | D:9      | Reached skill level 1 in Poison Magic
 19538 | D:9      | Reached skill level 9 in Spellcasting
 19557 | D:9      | Killed a death yak
 19558 | D:9      | Reached XP level 12. HP: 78/84 MP: 19/25
 19629 | D:9      | Killed a death yak
 19630 | D:9      | Reached skill level 5 in Dodging
 19770 | D:10     | Found a staircase to the Lair.
 19989 | D:10     | Noticed a two-headed ogre
 20000 | D:10     | Killed a two-headed ogre
 20376 | D:10     | Found an ancient bone altar of Kikubaaqudgha.
 20723 | Lair:1   | Entered Level 1 of the Lair of Beasts
 20739 | Lair:1   | Noticed a catoblepas
 20789 | D:11     | You fall into a shaft and drop 1 floor!
 20811 | D:12     | Identified a scroll of acquirement
 20812 | D:12     | Acquired the Exposition on Ill-starred Relocation
 20817 | D:12     | Learned a level 2 spell: Ensorcelled Hibernation
 20821 | D:12     | Learned a level 3 spell: Dazzling Flash
 20825 | D:12     | Learned a level 3 spell: Confusing Touch
 20902 | D:12     | Reached **** piety under Elyvilon
 21237 | D:11     | Reached skill level 5 in Fighting
 21453 | D:11     | Reached skill level 5 in Polearms
 21616 | D:11     | Found a staircase to the Orcish Mines.
 21716 | D:11     | Noticed a two-headed ogre
 21741 | D:11     | Killed a two-headed ogre
 21742 | D:11     | Reached skill level 10 in Spellcasting
 22511 | D:11     | Reached skill level 5 in Fire Magic
 22511 | D:11     | Reached XP level 13. HP: 29/91 MP: 12/27
 23064 | D:11     | Learned a level 2 spell: Blink
 23226 | Orc:1    | Entered Level 1 of the Orcish Mines
 23568 | Orc:1    | Learned a level 4 spell: Leda's Liquefaction
 23608 | Orc:2    | Entered Level 2 of the Orcish Mines
 23762 | Orc:2    | Found a staircase to the Elven Halls.
 24110 | Orc:1    | Noticed an orc warlord
 24195 | Orc:2    | Reached ***** piety under Elyvilon
 24441 | Orc:2    | Annihilated by an orc warlord

Illustrated notes

Levels and vault maps discovered:
D:1:      minmay_arrival_five_plusses, layout_basic,
          hellmonk_ecumenical_altar_watching_god, minmay_misc_feat_encased,
          grunt_decor_fettered, nicolae_titane
D:2:      layout_basic, serial_rivers, chequers_serial_rivers_large_a,
          chequers_serial_rivers_small_3, chequers_serial_rivers_micro_b,
          chequers_serial_rivers_micro_c, minmay_misc_feat_diagonals
D:3:      layout_rooms, nicolae_tso_swordbearing_angel
D:4:      layout_loops_ring, nicolae_gozag_cash_rules_everything_around_me,
          kennysheep_mini_moat, evilmike_ruin_ashenzari
D:5:      layout_cave_pods, minmay_temple_entry_drinking_statues
D:6:      layout_rooms, trog_wizard, uniq_blork_the_orc
D:7:      layout_basic, mainiacjoe_overflow_tiny_flanked,
          mainiacjoe_overflow_concentric_impassable, serial_shops, shop,
          enter_ossuary_3, st_stairs_10
D:8:      layout_loops_ring, grunt_dithmenos_smoke_and_mirrors,
          nicolae_kite_square_tiling_tiny
D:9:      layout_cave_pools, mainiacjoe_overflow_paths, serial_shops,
          nicolae_shop_real_fake_doors, serial_rivers,
          chequers_serial_rivers_small_b, chequers_serial_rivers_room_a,
          chequers_serial_rivers_small_b, chequers_serial_rivers_micro_a,
          chequers_serial_rivers_small_b
D:10:     layout_big_octagon, mainiacjoe_overflow_six_doors_small,
          dpeg_lair_monsters
D:11:     layout_basic, erik_orc_4, st_stairs_13, kennysheep_kite_vault
D:12:     minmay_expanding_circles, layout_irregular_city,
          minmay_misc_feat_tower
Temple:   nicolae_temple_godzebo
Lair:1:   layout_loops_ring, chequers_serial_rivers_micro_a,
          chequers_serial_rivers_small_3, bh_autumn_forest_stairs, uniq_amaemon
Orc:1:    layout_caves
Orc:2:    kennysheep_orc_mage_school, layout_caves, uniq_saint_roka, uniq_rupert

Skill      XL: |  1  2  3  4  5  6  7  8  9 10 11 12 13 |
---------------+----------------------------------------+-----
Ranged Weapons | 3 4 5 6 7 |  7.8
Fire Magic     | 1 2 3 4 5 |  5.3
Spellcasting   | 2 3 4 6 7 9 10 | 10.8
Hexes          | 4 5 6 7 8 9 |  9.5
Polearms       | 1 2 3 4 5 |  5.3
Throwing       | 1 2 3 |  3.2
Fighting       | 2 3 4 5 |  5.5
Dodging        | 3 4 5 |  5.9
Stealth        | 1 2 |  2.0
Translocations | 1 2 |  2.4
Armour         | 1 2 3 4 |  4.0
Invocations    | 1 |  1.2
Shields        | 1 2 3 |  3.2
Maces & Flails | 1 2 |  2.9
Air Magic      | 1 |  1.2
Poison Magic   | 1 |  1.5
Transmutations | |  0.2
Evocations     | |  0.5

Action                     |  1- 3 |  4- 6 |  7- 9 | 10-12 | 13-15 || total
---------------------------+-------+-------+-------+-------+-------++-------
  Melee: Club              |     3 |       |       |       |       ||     3
         Spear             |    12 |    66 |    65 |   291 |    93 ||   527
         Halberd           |       |       |     4 |       |       ||     4
         Flail             |       |       |    54 |    30 |       ||    84
         Punch             |       |       |     1 |     1 |     4 ||     6
         Trident           |       |       |     8 |     3 |       ||    11
         Kick              |       |       |     7 |       |       ||     7
         Headbutt          |       |       |     2 |       |       ||     2
         Mace              |       |       |       |    20 |     6 ||    26
         Dagger            |       |       |       |       |     8 ||     8
         Shortbow          |       |       |       |       |     2 ||     2
   Fire: Sling             |    60 |    86 |    92 |   111 |     1 ||   350
         Shortbow          |       |       |       |    77 |    64 ||   141
         Arbalest          |       |       |       |       |     9 ||     9
  Throw: Stone             |       |     2 |     7 |       |     2 ||    11
         Boomerang         |       |       |    28 |    16 |     2 ||    46
         Dart              |       |       |     7 |    25 |       ||    32
         Throwing net      |       |       |     1 |     1 |       ||     2
         Javelin           |       |       |       |     5 |     1 ||     6
   Cast: Slow              |    28 |    59 |    39 |    35 |     1 ||   162
         Inner Flame       |     3 |    55 |    76 |    93 |    35 ||   262
         Portal Projectile |       |       |    18 |    27 |     1 ||    46
         Cause Fear        |       |       |    18 |    12 |     5 ||    35
         Beastly Appendage |       |       |     7 |     1 |       ||     8
         Tukima's Dance    |       |       |     6 |     2 |     1 ||     9
         Wereblood         |       |       |     1 |       |       ||     1
         Poisonous Vapours |       |       |       |     8 |     1 ||     9
         Ensorcelled Hiber |       |       |       |     1 |     3 ||     4
         Blink             |       |       |       |       |     6 ||     6
         Confusing Touch   |       |       |       |       |     3 ||     3
         Leda's Liquefacti |       |       |       |       |     2 ||     2
 Invoke: Purification      |       |       |     1 |       |     1 ||     2
         Heal Other        |       |       |       |     1 |       ||     1
         Heal Self         |       |       |       |     1 |       ||     1
  Evoke: Wand              |       |       |     1 |     9 |     1 ||    11
    Use: Scroll            |     6 |     4 |    10 |    12 |     4 ||    36
         Potion            |       |     1 |     2 |     5 |       ||     8
 Armour: Robe              |    12 |    55 |    23 |       |       ||    90
         Leather armour    |       |       |    20 |   260 |   145 ||   425
         Steam dragon scal |       |       |    37 |       |       ||    37
  Dodge: Dodged            |    27 |   131 |   122 |   360 |    96 ||   736
         Repelled          |       |       |       |     1 |     2 ||     3
  Block: Buckler           |       |       |    17 |   101 |       ||   118
         Kite shield       |       |       |       |    13 |       ||    13
         Tower shield      |       |       |       |    10 |       ||    10
